AoeStats
← lotrjoey

Lombardia

508544733Analyzed
4v4 RM · 10d ago on Sep 23, 2026· 69m 51s· 8 players
Game mode
Random Map
Map size
Large (8 player)
Population
200
Speed
Normal
Resources
Standard
Victory
Conquest
Starting age
Dark Age
Ending age
Imperial Age
RankedLock teamsTeams togetherTeam positionsShared explorationLock speedFull tech treeHidden civsTurbo modeCheats
Victory
Defeat
🇺🇸 Muisca · United States
1185
+12
🇺🇸 Persians · United States
1133
+14
🇦🇺 Turks · Australia
1132
+14
🇨🇦 Varangians · Canada
1008
+21
🇺🇸 Japanese · United States
1108
-16
🇲🇽 Saxons · Mexico
1098
-15
🇺🇸 Mongols · United States
1096
-15
🇦🇷 Vietnamese · Argentina
1083
-15
lotrjoey
6:49 Loom
9:53 Feudal Age
12:13 Forging
13:26 Scale Mail Armor
15:03 Double-Bit Axe
21:35 Castle Age
20:12 Scale Barding Armor
21:20 Bloodlines
22:42 Bow Saw
25:00 Chain Barding Armor
27:40 Iron Casting
28:46 Wheelbarrow
28:33 Fletching
29:01 Husbandry
28:24 Light Cavalry
29:40 Stone Mining
30:43 Bodkin Arrow
42:51 Imperial Age
40:46 Hand Cart
43:08 Ballistics
43:38 Bracer
45:22 Chemistry
44:45 Padded Archer Armor
46:11 Thumb Ring
58:47 Hussar
hmmm
11:45 Feudal Age
12:59 Loom
14:21 Horse Collar
17:33 Castle Age
19:11 Double-Bit Axe
24:26 Pikeman
27:37 Scale Mail Armor
27:47 Forging
28:34 Bow Saw
29:02 Bloodlines
29:47 Town Watch
30:30 Husbandry
32:20 Town Patrol
32:51 Chain Mail Armor
33:11 Iron Casting
33:10 Squires
32:55 Arson
36:19 Wheelbarrow
37:30 Scale Barding Armor
41:28 Imperial Age
39:45 Wheelbarrow
40:34 Chain Barding Armor
40:56 Iron Casting
43:28 Hand Cart
44:49 Plate Mail Armor
45:20 Blast Furnace
44:18 Stone Mining
44:18 Gold Mining
44:42 Caravan
47:32 Conscription
49:18 Halberdier
57:42 Elite Samurai
62:22 Kataparuto
63:17 Two-Man Saw
CTM | My Little Pipii <3
11:11 Feudal Age
10:25 Loom
15:13 Castle Age
15:13 Double-Bit Axe
24:49 Horse Collar
26:44 Wheelbarrow
26:01 Town Watch
28:04 Scale Barding Armor
27:51 Fletching
31:48 Imperial Age
29:55 Ballistics
29:47 Bodkin Arrow
29:54 Padded Archer Armor
31:59 Bloodlines
32:39 Masonry
32:55 Elite Rattan Archer
34:59 Murder Holes
36:46 Bracer
38:33 Chemistry
37:55 Elite Skirmisher
39:26 Paper Money
38:50 Imperial Skirmisher
41:19 Chatras
41:34 Bow Saw
41:06 Elite Battle Elephant
44:21 Pikeman
49:35 Leather Archer Armor
49:22 Scale Mail Armor
49:42 Chain Barding Armor
49:33 Forging
50:30 Halberdier
[MIAAU] GM Panzer IV
9:49 Loom
11:35 Feudal Age
15:55 Castle Age
13:46 Double-Bit Axe
15:00 Horse Collar
15:28 Town Watch
24:53 Heavy Plow
25:05 Bow Saw
27:17 Wheelbarrow
31:41 Imperial Age
29:30 Hand Cart
30:52 Scale Mail Armor
31:03 Forging
30:55 Squires
33:38 Iron Casting
33:19 Chain Mail Armor
32:44 Elite Varangian Guard
34:40 Ballistics
36:25 Chemistry
35:17 Fletching
36:00 Plate Mail Armor
36:20 Shield Wall
36:52 Fletching
37:32 Siege Engineers
37:52 Conscription
36:55 Elite Hearth Troop
39:19 Crop Rotation
39:50 Two-Man Saw
38:42 Stone Mining
38:43 Gold Mining
38:15 Heavy Scorpion
38:56 Clerical Recruitment
40:20 Conscription
41:23 Pikeman
42:36 Masonry
43:36 Town Patrol
44:57 Hoardings
48:23 Onager
50:42 Arson
54:08 Cavalier
54:48 Husbandry
54:59 Bloodlines
54:20 Light Cavalry
55:21 Gambesons
55:33 Bodkin Arrow
55:21 Treadmill Crane
56:12 Architecture
55:38 Murder Holes
55:53 Fortified Wall
59:20 Caravan
60:09 Heavy Mounted Crossbowman
60:51 Padded Archer Armor
63:20 Thumb Ring
65:03 Guilds
66:26 Elite Skirmisher
iamjackscolon
4:35 Loom
10:49 Feudal Age
11:35 Double-Bit Axe
17:48 Castle Age
18:52 Bow Saw
19:26 Horse Collar
20:15 Bloodlines
20:06 Husbandry
24:32 Wheelbarrow
24:23 Heavy Plow
25:01 Scale Barding Armor
25:06 Forging
25:55 Forging
28:08 Hand Cart
29:18 Gold Mining
30:32 Stone Mining
32:11 Chain Barding Armor
32:26 Iron Casting
38:50 Imperial Age
37:03 Stone Shaft Mining
36:12 Light Cavalry
38:19 Caravan
38:28 Cavalier
39:47 Plate Barding Armor
38:33 Heavy Camel Rider
40:18 Blast Furnace
40:24 Two-Man Saw
39:57 Crop Rotation
40:37 Chemistry
39:50 Savar
42:00 Hussar
50:12 Kamandaran
50:34 Conscription
50:15 Padded Archer Armor
50:06 Fletching
50:08 Heated Shot
50:41 Ballistics
50:32 Masonry
51:39 Crossbowman
52:25 Thumb Ring
69:17 Bodkin Arrow
69:55 Architecture
69:36 Capped Ram
monongahela
7:04 Loom
9:58 Feudal Age
10:32 Double-Bit Axe
10:40 Champi Runner
14:58 Fletching
20:09 Padded Archer Armor
25:43 Castle Age
23:54 Horse Collar
24:08 Gold Mining
25:50 Crossbowman
26:26 Bodkin Arrow
26:47 Thumb Ring
27:59 Bow Saw
29:33 Champi Warrior
30:44 Heavy Plow
31:55 Leather Archer Armor
32:46 Ballistics
37:02 Wheelbarrow
36:57 Scale Mail Armor
36:59 Stone Mining
38:09 Squires
40:26 Hand Cart
40:42 Town Watch
43:06 Chain Mail Armor
43:01 Forging
46:20 Imperial Age
47:21 Elite Champi Warrior
48:34 Plate Mail Armor
48:39 Iron Casting
58:25 Fervor
58:48 Sanctity
61:59 Block Printing
63:21 Capped Ram
jalouis79
3:51 Loom
12:17 Feudal Age
12:51 Double-Bit Axe
16:54 Castle Age
14:49 Horse Collar
22:23 Gold Mining
26:33 Wheelbarrow
27:11 Forging
27:21 Bloodlines
28:23 Scale Barding Armor
28:19 Stone Mining
28:41 Heavy Plow
33:19 Bow Saw
33:30 Hand Cart
33:57 Iron Casting
37:28 Imperial Age
35:22 Chain Barding Armor
37:33 Elite Jarl
38:37 Conscription
37:43 Vendel Legacy
40:20 Two-Man Saw
39:30 Gambesons
39:46 Squires
39:31 Arson
39:52 Pikeman
41:06 Crop Rotation
42:17 Blast Furnace
44:06 Plate Barding Armor
42:59 Halberdier
44:28 Scale Mail Armor
46:39 Masonry
46:50 Ballistics
46:11 Treadmill Crane
47:32 Chemistry
47:48 Chain Mail Armor
53:23 Plate Mail Armor
54:13 Fletching
54:23 Padded Archer Armor
54:57 Architecture
56:37 Stone Shaft Mining
56:00 Bodkin Arrow
56:46 Caravan
56:49 Bracer
58:07 Elite Varangian Guard
60:42 Siege Engineers
65:07 Leather Archer Armor
Jimi
5:54 Loom
11:06 Feudal Age
11:37 Double-Bit Axe
12:08 Horse Collar
19:01 Castle Age
19:59 Bow Saw
19:52 Heavy Plow
22:13 Wheelbarrow
24:30 Hand Cart
28:27 Gold Mining
32:08 Imperial Age
32:24 Gold Shaft Mining
31:45 Fletching
31:56 Padded Archer Armor
32:36 Ballistics
33:00 Town Watch
33:34 Bodkin Arrow
33:54 Leather Archer Armor
33:48 Thumb Ring
34:09 Parthian Tactics
34:58 Conscription
35:00 Sipahi
35:03 Bracer
35:14 Heavy Cavalry Archer
38:00 Bloodlines
37:50 Husbandry
38:20 Town Patrol
38:06 Treadmill Crane
38:37 Masonry
38:22 Murder Holes
39:06 Ring Archer Armor
40:20 Scale Barding Armor
40:26 Forging
41:38 Chain Barding Armor
43:17 Plate Barding Armor
43:20 Iron Casting
44:04 Artillery
44:18 Caravan
49:06 Elite Janissary
50:21 Hoardings
52:12 Blast Furnace
52:33 Heavy Camel Rider
60:11 Two-Man Saw
60:02 Stone Mining
67:00 Architecture
66:41 Fortified Wall
Connection lost

Rejoining the realm…

Still unreachable

The connection could not be restored.

Session expired

The server has moved on; the page needs a fresh start.